 Dungeon Crawl Stone Soup version 0.30-a0-373-gd37427bb62 (webtiles) character file.

Game seed: 18418811186475380816

1853 Raultor the Changer (level 9, -2/55 (68) HPs)
             Began as an Octopode Transmuter on Nov 24, 2022.
             Slain by a wight
             ... wielding a +2 halberd of freezing
              (6 damage)
             ... on level 7 of the Dungeon.
             The game lasted 00:37:18 (6867 turns).

Raultor the Changer (Octopode Transmuter)           Turns: 6867, Time: 00:37:19

HP:   -2/55 (68)    AC:  7    Str: 13    XL:     9   Next: 12%
MP:   8/12          EV: 10    Int: 15    God:
Gold: 366           SH:  0    Dex: 13    Spells: 3/12 levels left

rFire   x . .      SeeInvis .      - Unarmed
rCold   + + +      Faith    .    (shield currently unavailable)
rNeg    . . .      Spirit   .    (helmet currently unavailable)
rPois   +          Reflect  .    (no amulet)
rElec   .          Harm     .    (no ring)
rCorr   .          Rampage  .    (no ring)
Will    .....                    (no ring)
Stlth   +.........               (no ring)
HPRegen 0.29/turn                (no ring)
MPRegen 0.13/turn                (no ring)
                                 (no ring)
                                 (no ring)

@: ice-form, wereblooded, flying, heavily drained
A: freezing attack, boosted hp, almost no armour, amphibious, 8 rings, large,
(camouflage 1), (gelatinous body 1), (nimble swimmer 1), (tentacles)
a: End Transformation


You were on level 7 of the Dungeon.
You were a creature of crystalline ice.
You visited 2 branches of the dungeon, and saw 8 of its levels.

You collected 366 gold pieces.


Innate Abilities, Weirdness & Mutations

You are a creature of crystalline ice.
You have a powerful freezing melee attack.
Your maximum health is increased.
Your armour is entirely melded.
You are incapable of wielding weapons or throwing items.
You cannot wear most types of armour.
You are amphibious.
You can wear up to eight rings at the same time.
((Your skin changes colour to match your surroundings (Stealth+).))
((Your rubbery body absorbs attacks. (AC +1, EV +1)))
((You are camouflaged when in or above water. (Stealth+)))
((You have tentacles for arms and can constrict up to eight enemies at once.))


   Skills:
 + Level 3.4 Fighting
 - Level 2.0 Dodging
 + Level 4.5 Unarmed Combat
 - Level 2.0 Spellcasting
 * Level 7.7 Transmutations
 * Level 7.1 Ice Magic


You had 3 spell levels left.
You knew the following spells:

 Your Spells              Type           Power      Damage    Failure   Level
a - Passwall              Tmut/Erth      10%        N/A       7%          2
b - Beastly Appendage     Tmut           48%        N/A       1%          1
c - Ice Form              Ice/Tmut       23%        N/A       11%         4
w - Wereblood             Tmut           24%        N/A       1%          2

Your spell library contained the following spells:

 Spells                   Type           Power      Damage    Failure   Level
 Ensorcelled Hibernation  Hex/Ice        24%        N/A       8%          2
 Spider Form              Tmut/Pois      13%        N/A       14%         3
 Magic Dart               Conj           4%         1d3       22%         1
 Blink                    Tloc           2%         N/A       32%         2
 Call Imp                 Summ           1%         N/A       32%         2
 Cigotuvi's Dreadful Rot  Necr/Pois/Air  2%         N/A       32%         2
 Poisonous Vapours        Pois/Air       2%         N/A       32%         2
 Mephitic Cloud           Conj/Pois/Air  1%         N/A       54%         3
 Swiftness                Air            1%         N/A       54%         3
 Manifold Assault         Tloc           1%         N/A       91%         4
 Storm Form               Tmut/Air       6%         N/A       100%        7

Inventory:

Missiles
 x - a throwing net {=f}
Jewellery
 N - a ring of positive energy
Scrolls
 b - a scroll of enchant armour {unknown}
 c - a scroll of poison {unknown}
 d - 2 scrolls of immolation {unknown}
 e - 2 scrolls of blinking {unknown}
 f - a scroll of silence {unknown}
 h - a scroll of teleportation {unknown}
 i - a scroll of amnesia {unknown}
 j - 2 scrolls of butterflies {unknown}
 k - a scroll of fear {unknown}
 l - a scroll of noise {unknown}
 p - 2 scrolls of magic mapping {unknown}
 s - 3 scrolls of enchant weapon {unknown}
 t - a scroll of torment {unknown}
 u - 2 scrolls of summoning {unknown}
 y - a scroll of acquirement {unknown}
Potions
 a - 4 potions of lignification
 g - 3 potions of flight
 m - a potion of resistance
 n - 3 potions of might {unknown}
 o - 3 potions of heal wounds {unknown}
 q - a potion of brilliance
 r - a potion of cancellation
 v - a potion of degeneration
 w - a potion of ambrosia
 z - a potion of curing {@q1}

Dungeon Overview and Level Annotations

Branches:
Dungeon (7/15)             Temple (1/1) D:7

Altars:
Cheibriados
Dithmenos
Elyvilon
Gozag
Hepliaklqana
Makhleb
Nemelex Xobeh
Qazlal
Sif Muna
Trog
Uskayaw
Wu Jian
Yredelemnul
Zin
The Shining One

Annotations:
D:3 2 transporters, Haldmier's ghost, amateur AtFi
D:5 3 runed translucent doors, Sigmund; flestrin's ghost, novice TeRe

########...$..#
.........# ######..#
#..# #..####### #
#######........##.#.#
........z...........#
########z#####.######
##Y# #.# #.)#####.#
#.....##.# #.....##.#
##....##.# #....##.#
#.#####.# #. #.# #.#
#. ..# #.# #.


You could see 2 wights.


Message History

The wight is lightly damaged.
The wight hits you with a +0 dagger.
You feel drained.
The wight hits you from afar with a +2 halberd of freezing!
You feel drained.
You barely miss the wight.
The wight is lightly damaged.
The wight hits you but does no damage. The wight barely misses you.
You punch the wight!
The wight is severely damaged.
The wight hits you with a +0 dagger.
You feel drained.
The wight hits you from afar with a +2 halberd of freezing!
* * * LOW HITPOINT WARNING * * *
You feel drained.
* * * LOW HITPOINT WARNING * * *
You barely miss the wight.
The wight is severely damaged.
The wight hits you from afar with a +2 halberd of freezing!
* * * LOW HITPOINT WARNING * * *
You feel drained.
* * * LOW HITPOINT WARNING * * *
The wight hits you with a +0 dagger.
* * * LOW HITPOINT WARNING * * *
You hit the wight but do no damage.
The wight is severely damaged.
The wight misses you. The wight barely misses you.
It was a potion of flight.
You feel very buoyant.
You fly up into the air.
The wight hits you but does no damage.
The wight hits you from afar with a +2 halberd of freezing.
You die...

Skill      XL: |  1  2  3  4  5  6  7  8  9 |
---------------+----------------------------+-----
Transmutations | 3 4 5 6 7 |  7.7
Ice Magic      | 1 3 4 5 6 7 |  7.1
Fighting       | 3 |  3.4
Unarmed Combat | 4 |  4.5
Dodging        | |  2.0
Spellcasting   | |  2.0

Action                   |  1- 3 |  4- 6 |  7- 9 || total
-------------------------+-------+-------+-------++-------
Melee: Unarmed           |    68 |   139 |   155 ||   362
       Constrict         |    22 |    41 |     4 ||    67
       Tentacles         |    13 |    28 |     6 ||    47
       Kick              |    12 |    32 |     3 ||    47
       Punch             |       |     3 |     1 ||     4
 Cast: Beastly Appendage |     5 |    21 |     2 ||    28
       Wereblood         |     4 |     9 |     4 ||    17
       Ice Form          |       |     1 |    17 ||    18
       Passwall          |       |       |     1 ||     1
  Use: Scroll            |       |     1 |     6 ||     7
       Potion            |       |       |     1 ||     1
 Stab: Sleeping          |     5 |     5 |     2 ||    12
Armor: Skin              |     7 |    10 |    46 ||    63
Dodge: Dodged            |    55 |    79 |    63 ||   197

Levels and vault maps discovered:
D:1:      minmay_arrival_nine_rooms, layout_basic, minmay_heptomino_w4
D:2:      layout_loops_ring
D:3:      layout_basic, gammafunk_ghost_smash
D:4:      layout_cave_pods, nicolae_gozag_cash_rules_everything_around_me,
          elyvilon_altar_3, serial_forest, infiniplex_forest_clump_large,
          infiniplex_forest_lined_4_way, infiniplex_forest_diagonal,
          infiniplex_forest_clump_diagonal, infiniplex_forest_split
D:5:      layout_cave_pools, nicolae_sif_muna_condensation, trog_butcher_becter,
          kennysheep_slug_shrine, ebering_ghost_gozag, uniq_sigmund
D:6:      layout_basic, mainiacjoe_overflow_surrounded_room,
          dancing_weapons_uskayaw, kennysheep_generic_room_10
D:7:      layout_loops_ring, minmay_temple_entry_grid, serial_undead,
          serial_undead_b, serial_undead_e, serial_undead_b, serial_undead_a,
          serial_undead_c, serial_undead_e
Temple:   nicolae_temple_godpark

Notes
Turn   | Place    | Note
-------+----------+-------------------------------------------
     0 | D:1      | Raultor the Octopode Transmuter began the quest for the
                  | Orb.
     0 | D:1      | Reached XP level 1. HP: 13/13 MP: 3/3
   230 | D:1      | Reached XP level 2. HP: 14/18 MP: 5/5
   233 | D:1      | Learned a level 2 spell: Wereblood
   300 | D:1      | Reached skill level 3 in Transmutations
   351 | D:1      | Reached XP level 3. HP: 23/23 MP: 4/6
   752 | D:2      | Reached skill level 4 in Transmutations
   764 | D:2      | Reached XP level 4. HP: 26/28 MP: 7/7
  1561 | D:2      | Learned a level 4 spell: Ice Form
  2054 | D:3      | Reached skill level 1 in Ice Magic
  2245 | D:3      | Found a transporter.
  2249 | D:3      | Noticed Haldmier's ghost (amateur AtFi)
  2250 | D:3      | Noticed an ogre
  2252 | D:3      | Identified the +3 giant spiked club of the Swamp {holy,
                  | rC++ rCorr Int+4}
  2252 | D:3      | Noticed an ogre
  2258 | D:3      | Reached XP level 5. HP: 26/33 MP: 6/8
  2263 | D:3      | Found a transporter.
  2594 | D:4      | Found an opulent altar of Gozag.
  2669 | D:4      | Found a white marble altar of Elyvilon.
  2694 | D:4      | Noticed a phantom
  2922 | D:4      | Reached skill level 2 in Ice Magic
  3049 | D:4      | Reached skill level 5 in Transmutations
  3368 | D:5      | Entered Level 5 of the Dungeon
  3527 | D:5      | Found a snail-covered altar of Cheibriados.
  3548 | D:5      | Reached skill level 3 in Ice Magic
  3548 | D:5      | Reached XP level 6. HP: 36/38 MP: 5/9
  3642 | D:5      | Found a bloodstained altar of Trog.
  3651 | D:5      | Noticed a two-headed ogre
  3866 | D:4      | Reached skill level 4 in Ice Magic
  4024 | D:5      | Found a runed translucent gate.
  4025 | D:5      | Found a runed translucent gate.
  4026 | D:5      | Found a runed translucent gate.
  4027 | D:5      | Found an opulent altar of Gozag.
  4028 | D:5      | Noticed flestrin's ghost (novice TeRe)
  4029 | D:5      | Noticed a troll
  4070 | D:5      | Noticed Sigmund
  4131 | D:5      | Found a shimmering blue altar of Sif Muna.
  4228 | D:4      | Reached XP level 7. HP: 33/43 MP: 10/10
  4395 | D:5      | Reached skill level 5 in Ice Magic
  4433 | D:5      | Identified the +12 short sword of the Lost Tusks {vamp,
                  | Will++}
  4587 | D:6      | Noticed a +0 dagger
  4588 | D:6      | Found a hide-covered altar of Uskayaw.
  4588 | D:6      | Noticed a +0 dagger
  4597 | D:6      | Reached skill level 6 in Transmutations
  4693 | D:6      | Learned a level 2 spell: Passwall
  4834 | D:6      | Reached XP level 8. HP: 50/50 MP: 7/11
  4995 | D:6      | Reached skill level 2 in Fighting
  5165 | D:6      | Reached skill level 6 in Ice Magic
  5365 | D:6      | Found a glowing silver altar of Zin.
  5685 | D:7      | Found a staircase to the Ecumenical Temple.
  5699 | Temple   | Entered the Ecumenical Temple
  5868 | D:7      | Reached skill level 4 in Unarmed Combat
  5868 | D:7      | Reached skill level 7 in Transmutations
  6155 | D:3      | Identified a potion of resistance
  6387 | D:7      | Reached skill level 3 in Fighting
  6496 | D:7      | Reached XP level 9. HP: 57/57 MP: 8/12
  6627 | D:7      | Reached skill level 7 in Ice Magic
  6865 | D:7      | HP: 4/55 [wight/+0 dagger (3)]
  6867 | D:7      | Slain by a wight

Vanquished Creatures
  A steam dragon (D:7)
  A water moccasin (D:6)
  A black bear (D:5)
  An orc warrior (D:6)
  2 phantoms
  A kobold brigand (D:6)
  2 bullfrogs (D:7)
  2 necrophages
  2 scorpions
  4 wights (D:7)
  A bullfrog zombie (D:7)
  3 hounds (D:5)
  4 orc priests
  A gnoll bouda (D:5)
  A jelly (D:6)
  An iguana (D:5)
  An orc wizard (D:6)
  A killer bee zombie (D:7)
  A howler monkey zombie (D:7)
  4 gnolls
  9 adders
  A shadow imp (D:7)
  3 white imps
  An ufetubus (D:5)
  5 dart slugs
  18 orcs
  9 ball pythons
  4 endoplasms
  2 giant cockroaches
  7 goblins
  8 hobgoblins
  8 jackals
  5 quokkas
  4 bats
  5 frilled lizards
  11 kobolds
  3 rats
138 creatures vanquished.

Table legend: (Time is in decaauts)
 A = Elapsed time spent in this place.
 B = Non-inter-level travel time spent in this place.
 C = Inter-level travel time spent in this place.
 D = Time resting spent in this place.
 E = Time spent auto-exploring this place.
 F = Levels seen in this place.
 G = Mean time per level.
                   A        B        C        D        E       F      G
               +--------+--------+--------+--------+--------+-----+--------+
         Total |   6853 |   6187 |    666 |    101 |   4701 |   8 |  856.6 |
       Dungeon |   6713 |   6060 |    653 |    101 |   4587 |   7 |  959.0 |
        Temple |    139 |    126 |     13 |      0 |    114 |   1 |  139.0 |
               +--------+--------+--------+--------+--------+-----+--------+

Top non-repeatable levels by time:
     D:4: 1423 daAuts
     D:6: 1076 daAuts
     D:3: 956 daAuts
     D:2: 896 daAuts
     D:1: 793 daAuts
     D:5: 790 daAuts
     D:7: 777 daAuts
  Temple: 139 daAuts

Table legend:
 A = Non-vault XP
 B = Vault XP
 C = Vault XP percentage of total XP
 D = Non-vault monster count
 E = Vault monster count
 F = Vault count percentage of total count
                 A         B        C        D         E       F
            +---------+---------+-------+---------+---------+-------
      Total |    2221 |     427 |  16.1 |     119 |      19 |  13.8
            +---------+---------+-------+---------+---------+-------
        D:1 |      47 |      11 |  19.0 |      24 |       6 |  20.0
        D:2 |      63 |       0 |   0.0 |      11 |       0 |   0.0
        D:3 |      63 |       0 |   0.0 |      17 |       0 |   0.0
        D:4 |     237 |       0 |   0.0 |      19 |       0 |   0.0
        D:5 |     411 |      12 |   2.8 |      17 |       5 |  22.7
        D:6 |     761 |      91 |  10.7 |      22 |       2 |   8.3
        D:7 |     639 |     313 |  32.9 |       9 |       6 |  40.0
            +---------+---------+-------+---------+---------+-------
